 Dungeon Crawl Stone Soup version 0.29.1-2-gbd0b4ee654 (webtiles) character file.

Game seed: 2813356946425061351

695 Nerdsrcool the Chopper (level 7, -1/55 HPs)
             Began as a Hill Orc Chaos Knight on Oct 27, 2022.
             Was a Plaything of Xom.
             Slain by an ogre
             ... wielding a +0 giant club
              (20 damage)
             ... on level 5 of the Dungeon.
             The game lasted 00:31:52 (5897 turns).

Nerdsrcool the Chopper (Hill Orc Chaos Knight)      Turns: 5897, Time: 00:31:52

Health: -1/55      AC: 12    Str: 15    XL:     7   Next: 64%
Magic:  16/16      EV:  7    Int: 12    God:    Xom [....*.]
Gold:   185        SH:  0    Dex: 16    Spells: 6/6 levels left

rFire   . . .      SeeInvis .   f - +2 quarterstaff (chaos)
rCold   . . .      Faith    .   (shield currently unavailable)
rNeg    . . .      Spirit   .   t - +0 chain mail
rPois   .          Reflect  .   B - +0 helmet
rElec   .          Harm     .   g - +0 cloak
rCorr   .          Rampage  .   (no gloves)
Will    .....                   (no boots)
Stlth   ..........              (no amulet)
HPRegen 0.18/turn               d - +6 ring of dexterity
MPRegen 0.15/turn               l - ring of magical power

@: no status effects
A: frail 1, weak 1
a: Renounce Religion


You were on level 5 of the Dungeon.
You worshipped Xom.
You were a beloved toy of Xom.
You visited 2 branches of the dungeon, and saw 6 of its levels.

You collected 185 gold pieces.

Inventory:

Hand Weapons
 a - a +0 vorpal hand axe
 f - a +2 quarterstaff of chaos (weapon)
Missiles
 q - 6 boomerangs (quivered)
 w - 11 poisoned darts
 C - 4 javelins
Armour
 b - a +2 leather armour
 g - a +0 cloak (worn)
 t - a +0 chain mail (worn)
 B - a +0 helmet (worn)
Magical Staves
 e - a staff of death
Jewellery
 d - a +6 ring of dexterity (left hand)
 h - a ring of ice
 l - a ring of magical power (right hand)
 v - a ring of fire
Wands
 s - a wand of flame (20)
 A - a wand of digging (6)
Scrolls
 r - a scroll of fear
 y - 3 scrolls of butterflies
 z - a scroll of teleportation
Potions
 i - a potion of mutation {unknown}
 j - 2 potions of brilliance
 k - a potion of degeneration
 m - a potion of might {unknown}
 n - a potion of resistance {unknown}
 o - a potion of invisibility
 u - a potion of curing
 x - a potion of lignification {unknown}
Miscellaneous
 c - a piece from Xom's chessboard (15/15)
 p - a lightning rod (4/4)


   Skills:
 + Level 5.7 Fighting
 + Level 6.3 Axes
 + Level 2.6 Staves
 + Level 2.3 Throwing
 + Level 4.5 Armour
 + Level 1.3 Dodging
 + Level 1.0 Stealth
 + Level 0.5 Evocations


You had 6 spell levels left.
You didn't know any spells.
Your spell library contained the following spells:

 Spells                   Type           Power      Damage    Failure   Level
 Foxfire                  Conj/Fire      0%         2x1d4     99%         1
 Static Discharge         Conj/Air       0%         3-3/arc   100%        2
 Conjure Flame            Conj/Fire      0%         6-21      100%        3
 Inner Flame              Hex/Fire       0%         N/A       100%        3
 Dispel Undead            Necr           0%         3d6       100%        4
 Flame Wave               Conj/Fire      0%         2d4       100%        4
 Sticky Flame             Conj/Fire      0%         2d3       100%        4


Dungeon Overview and Level Annotations

Branches:
Dungeon (5/15)             Temple (1/1) D:4

Altars:
Cheibriados
Dithmenos
Elyvilon
Fedhas
Gozag
Hepliaklqana
Kikubaaqudgha
Makhleb
Nemelex Xobeh
Okawaru
Qazlal
Ru
Sif Muna
Trog
Vehumet
Xom
Yredelemnul
Zin
The Shining One


Innate Abilities, Weirdness & Mutations

You are frail. (-10% HP)
You are weak. (Str -2)


Message History

You hit the ice beast.
The ice beast is severely wounded.
The ice beast hits you. The ice beast freezes you.
You hit the ice beast.
The ice beast is almost dead.
The ice beast is no longer moving slowly.
The ice beast hits you but does no damage.
You closely miss the ice beast.
The ice beast is almost dead.
The ice beast hits you but does no damage.
You sock the ice beast!
You kill the ice beast!
You start resting.
Xom makes a sudden noise!
You hear someone calling for help!
You are now a beloved toy of Xom.
You hear a shout!
You hear an angry hiss.
You start resting.
An ogre comes into view. It is wielding a +0 giant club.
You throw a boomerang. The boomerang hits the ogre.
The ogre is moderately wounded.
You throw a boomerang. The boomerang hits the ogre.
The ogre is heavily wounded.
You thump the ogre! You freeze the ogre.
The ogre is severely wounded.
The ogre hits you with a +0 giant club!
You barely miss the ogre.
The ogre is severely wounded.
You hit the ogre.
The ogre easily resists.
The ogre is severely wounded.
The ogre hits you but does no damage.
An adder comes into view.
You barely miss the ogre.
The ogre is severely wounded.
The adder hisses angrily.
The ogre hits you with a +0 giant club!
You hit the ogre. You freeze the ogre.
The ogre is almost dead.
The adder closely misses you.
The ogre hits you with a +0 giant club!!
You die...

.... .. ... . ... . ##..
#. ...# #.#####..# .. #.
....##OS# ...#. #...#@.#
...#.#######...#..#
.......#.......#..####.
###....#.####...........
.......#.# ##.........#
.........# ###########
.........# ........##
........#


You could see an ogre and an adder.

Vanquished Creatures
  Grinder (D:4)
  A black bear (D:4)
  An ice beast (D:5)
  A phantom (D:4)
  A jelly (D:4)
  Crazy Yiuf (D:3)
  3 iguanas (D:4)
  Robin (D:3)
  A gnoll (D:2)
  5 adders
  3 worms
  5 dart slugs
  8 orcs
  7 ball pythons
  11 endoplasms
  A giant cockroach (D:1)
  10 goblins
  3 hobgoblins
  3 jackals (D:3)
  6 kobolds
  A quokka (D:2)
  7 bats
  3 frilled lizards
  8 rats
92 creatures vanquished.

Notes
Turn   | Place    | Note
-------+----------+-------------------------------------------
     0 | D:1      | Nerdsrcool the Hill Orc Chaos Knight began the quest for
                  | the Orb.
     0 | D:1      | Reached XP level 1. HP: 19/19 MP: 1/1
   117 | D:1      | XOM: smoke on damage
   162 | D:1      | Reached XP level 2. HP: 11/27 MP: 2/2
   356 | D:1      | XOM: 2-stop teleportation journey
   388 | D:1      | XOM: god gift: book of Flames
   572 | D:1      | Found a faded altar of an unknown god.
   715 | D:1      | XOM: smoke on damage
   933 | D:1      | XOM: god gift: lightning rod (4/4)
  1004 | D:2      | Reached XP level 3. HP: 33/33 MP: 3/3
  1206 | D:2      | Reached skill level 1 in Dodging
  1356 | D:2      | Reached skill level 5 in Axes
  1361 | D:2      | XOM: 1-stop teleportation journey
  1477 | D:2      | XOM: 3-stop teleportation journey
  1856 | D:2      | Reached XP level 4. HP: 40/40 MP: 4/4
  1903 | D:2      | XOM: 4-stop teleportation journey
  2328 | D:3      | Found an ancient bone altar of Kikubaaqudgha.
  2330 | D:3      | Found a glowing silver altar of Zin.
  2523 | D:3      | Found a runed translucent door.
  2524 | D:3      | Noticed Crazy Yiuf
  2658 | D:3      | Noticed Robin
  2680 | D:3      | Killed Robin
  2681 | D:3      | Reached XP level 5. HP: 40/46 MP: 5/5
  2687 | D:3      | XOM: god gift: scroll labelled AHA OGIRRICVIU {god gift}
  2927 | D:3      | XOM: give mutations
  2927 | D:3      | Gained mutation: You are frail. (-10% HP) [Xom's mischief]
  2927 | D:3      | Lost mutation: You are frail. (-10% HP) [Xom's mischief]
  2927 | D:3      | Gained mutation: You are weak. (Str -2) [Xom's mischief]
  3055 | D:3      | Found a stormy altar of Qazlal.
  3055 | D:3      | Found an opulent altar of Gozag.
  3056 | D:3      | Found a sparkling altar of Nemelex Xobeh.
  3595 | D:3      | XOM: summons 1 hostile shadow creature
  3698 | D:3      | XOM: summons 3 hostile demons
  3900 | D:3      | Killed Crazy Yiuf
  3915 | D:3      | XOM: stat loss: -1 Dex (15/16)
  4035 | D:4      | XOM: give mutation
  4035 | D:4      | Gained mutation: You are frail. (-10% HP) [Xom's mischief]
  4211 | D:4      | XOM: silly message
  4448 | D:4      | Reached skill level 6 in Axes
  4448 | D:4      | Reached XP level 6. HP: 36/47 MP: 6/6
  4628 | D:4      | Found a snail-covered altar of Cheibriados.
  4752 | D:4      | Found a shadowy altar of Dithmenos.
  4760 | D:4      | Reached skill level 1 in Staves
  4760 | D:4      | Reached skill level 1 in Throwing
  4760 | D:4      | Reached skill level 1 in Stealth
  4837 | D:4      | Noticed Grinder
  4842 | D:4      | Reached skill level 5 in Fighting
  4925 | D:4      | XOM: destruction
  4931 | D:4      | Killed Grinder
  4932 | D:4      | Reached XP level 7. HP: 46/54 MP: 7/7
  5040 | D:4      | Found a staircase to the Ecumenical Temple.
  5047 | Temple   | Entered the Ecumenical Temple
  5098 | Temple   | XOM: 8-stop teleportation journey
  5357 | D:4      | Found an iron altar of Okawaru.
  5451 | D:4      | XOM: potion effect (brilliance)
  5760 | D:5      | Entered Level 5 of the Dungeon
  5888 | D:5      | XOM: noise
  5897 | D:5      | Slain by an ogre

Illustrated notes

Levels and vault maps discovered:
D:1:      ncdulo_watergridlock, layout_basic, chequers_ecumenical_altar_grove
D:2:      layout_basic, st_stairs_10
D:3:      layout_loops_ring, nicolae_overflow_hidden_temple,
          minmay_misc_feat_enclosed, chequers_avenue, grunt_ministairs_8,
          uniq_crazy_yiuf_cottage, uniq_robin
D:4:      black_bear_nest_2, layout_basic, mainiacjoe_overflow_catwalk_spiral,
          old_standard_altar, minmay_temple_entry_metal_lava, uniq_grinder
D:5:      layout_basic, kennysheep_mini_moat
Temple:   grunt_temple_mini_profane

Skill      XL: |  1  2  3  4  5  6  7 |
---------------+----------------------+-----
Fighting       | 4 5 |  5.7
Dodging        | 1 |  1.3
Axes           | 5 6 |  6.3
Armour         | 3 4 |  4.5
Staves         | 1 2 |  2.6
Throwing       | 1 2 |  2.3
Stealth        | 1 |  1.0
Evocations     | |  0.5

Action                   |  1- 3 |  4- 6 |  7- 9 || total
-------------------------+-------+-------+-------++-------
Melee: Hand axe          |    91 |    95 |       ||   186
       Punch             |       |     1 |       ||     1
       Quarterstaff      |       |    47 |    29 ||    76
Throw: Dart              |     3 |    18 |       ||    21
       Boomerang         |     1 |    13 |    16 ||    30
Evoke: Lightning rod     |       |     5 |       ||     5
       Piece from Xom's  |       |     2 |       ||     2
  Use: Scroll            |       |    12 |     3 ||    15
       Potion            |       |     6 |       ||     6
 Stab: Sleeping          |     1 |       |       ||     1
       Paralysed         |       |     2 |       ||     2
Armor: Leather armour    |    11 |       |       ||    11
       Chain mail        |    25 |    77 |    22 ||   124
Dodge: Dodged            |    33 |    45 |     7 ||    85
